[Event "FISU WUMSCC Women 2024"]
[Site "Entebbe"]
[Date "2024.06.29"]
[Round "8.1"]
[White "Kubicka, Anna"]
[Black "Aakanksha Hagawane"]
[Result "1/2-1/2"]
[ECO "C45"]
[WhiteElo "2334"]
[BlackElo "2149"]
[Annotator "RC"]
[PlyCount "119"]
[EventDate "2024.06.24"]
[EventType "swiss"]
[EventCountry "UGA"]
[SourceTitle "playchess.com"]
[Source "ChessBase"]
[SourceQuality "1"]
[TimeControl "5400+30"]

1. e4 e5 2. Nf3 Nc6 3. d4 exd4 4. Nxd4 Bc5 5. Be3 Qf6 6. c3 Nge7 7. Bc4 d6 8. O-O a6 9. Nxc6 Nxc6 10. Bxc5 dxc5 11. f4 O-O 12. Nd2 Be6 13. Bd3 Rad8 14. Bc2 Qh6 15. Rf2 b5 16. Qe1 f5 17. e5 Ne7 18. Qc1 Bc8 19. Nf3 Qc6 20. c4 h6 21. Bb3 b4 22. Qe3 Be6 23. Rd2 Rxd2 24. Nxd2 Rd8 25. Bd1 Qd7 26. Nb3 Bxc4 27. Qxc5 Qe6 28. Qxb4 Qb6+ 29. Qxb6 cxb6 30. Bf3 g5 31. fxg5 hxg5 32. Rc1 Bb5 33. Rd1 Rxd1+ 34. Bxd1 Nc6 35. Bc2 Nxe5 36. Bxf5 Kf7 37. Nd4 Bc4 38. b3 Bd5 39. h3 Kf6 40. Bc8 a5 41. Ba6 Ng6 42. Kf2 Nf4 43. Nf3 a4 44. bxa4 Bxa2 45. Bb5 Bd5 46. h4 gxh4 47. Nxh4 Ne6 48. Nf3 Nc5 49. Nd2 Kf5 50. g3 Kg5 51. Be8 Ne4+ 52. Nxe4+ Bxe4 53. Bd7 Bc2 54. Ke2 Bb3 55. Ke3 Bc2 56. Bb5 Bb3 57. Be8 Bc2 58. Bd7 Bb3 59. Kd4 Bxa4 60. Bxa4 1/2-1/2

[Event "FISU WUMSCC Women 2024"]
[Site "Entebbe"]
[Date "2024.06.29"]
[Round "8.2"]
[White "Jarocka, Liwia"]
[Black "Salonika, Saina"]
[Result "1/2-1/2"]
[ECO "A69"]
[WhiteElo "2237"]
[BlackElo "2103"]
[Annotator "RC"]
[PlyCount "34"]
[EventDate "2024.06.24"]
[EventType "swiss"]
[EventCountry "UGA"]
[SourceTitle "playchess.com"]
[Source "ChessBase"]
[SourceQuality "1"]
[TimeControl "5400+30"]

1. d4 Nf6 2. c4 g6 3. Nc3 Bg7 4. e4 d6 5. f4 O-O 6. Nf3 c5 7. d5 e6 8. Be2 exd5 9. cxd5 Re8 10. e5 dxe5 11. fxe5 Ng4 12. e6 fxe6 13. Bg5 Qb6 14. Qd2 Na6 15. h3 Nf6 16. d6 Nd5 17. Ne4 Bd7 1/2-1/2

[Event "FISU WUMSCC Women 2024"]
[Site "Entebbe"]
[Date "2024.06.29"]
[Round "8.3"]
[White "Sliwicka, Alicja"]
[Black "Wijesuriya, G P Y"]
[Result "1-0"]
[ECO "C84"]
[WhiteElo "2375"]
[BlackElo "1833"]
[Annotator "RC"]
[PlyCount "125"]
[EventDate "2024.06.24"]
[EventType "swiss"]
[EventCountry "UGA"]
[SourceTitle "playchess.com"]
[Source "ChessBase"]
[SourceQuality "1"]
[TimeControl "5400+30"]

1. e4 e5 2. Nf3 Nc6 3. Bb5 a6 4. Ba4 Nf6 5. Nc3 b5 6. Bb3 Be7 7. d3 O-O 8. O-O d6 9. a3 Bg4 10. Be3 Qd7 11. h3 Bh5 12. Nd5 Rab8 13. Nxe5 dxe5 14. Nxf6+ Bxf6 15. Qxh5 Nd4 16. Bxd4 Qxd4 17. Rab1 a5 18. Rfe1 g6 19. Qe2 Qd6 20. g3 a4 21. Ba2 b4 22. axb4 Rxb4 23. Bc4 Rfb8 24. b3 axb3 25. Bxb3 Ra8 26. Kg2 Rb6 27. Rf1 Bg5 28. h4 Bh6 29. Qg4 Qc5 30. Qd7 Rf8 31. Ra1 Qd6 32. Qxd6 cxd6 33. Ra7 Bd2 34. Rfa1 Bc3 35. R1a4 Bd4 36. Rd7 Bc5 37. Bd5 Rbb8 38. c3 Rb2 39. d4 exd4 40. cxd4 Rb4 41. Rxb4 Bxb4 42. Kf3 h6 43. g4 g5 44. h5 Kg7 45. Ke3 Ba3 46. Kd3 Bb4 47. f3 Ba3 48. Kc3 Kh8 49. Kb3 Bc1 50. Bxf7 Be3 51. Kc4 Rc8+ 52. Kd5 Bf4 53. Ke6 Be3 54. Rxd6 Rc7 55. Bg6 Kg7 56. e5 Rc4 57. d5 Rf4 58. Rd7+ Kg8 59. Bf5 Rxf3 60. Kf6 Bc5 61. Rd8+ Bf8 62. e6 Re3 63. d6 1-0

[Event "FISU WUMSCC Women 2024"]
[Site "Entebbe"]
[Date "2024.06.29"]
[Round "8.4"]
[White "Koubova, Anna Marie"]
[Black "Antolak, Julia"]
[Result "0-1"]
[ECO "C68"]
[WhiteElo "2125"]
[BlackElo "2306"]
[Annotator "RC"]
[PlyCount "78"]
[EventDate "2024.06.24"]
[EventType "swiss"]
[EventCountry "UGA"]
[SourceTitle "playchess.com"]
[Source "ChessBase"]
[SourceQuality "1"]
[TimeControl "5400+30"]

1. e4 e5 2. Nf3 Nc6 3. Bb5 a6 4. Bxc6 dxc6 5. O-O Bg4 6. h3 h5 7. d3 Qf6 8. Be3 Bxf3 9. Qxf3 Qxf3 10. gxf3 Bd6 11. Nc3 Ne7 12. Ne2 Ng6 13. Kh1 f6 14. Rad1 c5 15. Rg1 Kf7 16. Rg3 Nf4 17. Bxf4 exf4 18. Rg2 Be5 19. c3 Rad8 20. d4 cxd4 21. cxd4 c5 22. Rdg1 cxd4 23. Rxg7+ Ke6 24. Rxb7 Rb8 25. Rxb8 Rxb8 26. Rb1 d3 27. Nc1 d2 28. Nb3 Rxb3 29. axb3 Bxb2 30. Rd1 Bc1 31. Kg1 Ke5 32. Kf1 Kd4 33. Ke2 Kc3 34. Rg1 Kc2 35. Rf1 a5 36. Rg1 Bb2 37. Rd1 Bc3 38. Rg1 Kxb3 39. Kd3 Kb2 0-1

[Event "FISU WUMSCC Women 2024"]
[Site "Entebbe"]
[Date "2024.06.29"]
[Round "8.5"]
[White "Tharushi, T H D Niklesha"]
[Black "Walter, Ema"]
[Result "1-0"]
[ECO "D55"]
[WhiteElo "1810"]
[BlackElo "2099"]
[Annotator "RC"]
[PlyCount "85"]
[EventDate "2024.06.24"]
[EventType "swiss"]
[EventCountry "UGA"]
[SourceTitle "playchess.com"]
[Source "ChessBase"]
[SourceQuality "1"]
[TimeControl "5400+30"]

1. d4 Nf6 2. c4 e6 3. Nf3 d5 4. Nc3 Be7 5. Bg5 h6 6. Bxf6 Bxf6 7. e3 O-O 8. Rc1 c6 9. h4 Nd7 10. g4 e5 11. g5 exd4 12. gxf6 dxc3 13. fxg7 Re8 14. bxc3 Nf6 15. cxd5 Bg4 16. Be2 Nxd5 17. Qd4 h5 18. c4 Bxf3 19. Bxf3 Nb4 20. Qxd8 Rexd8 21. Rb1 Nd3+ 22. Ke2 Nc5 23. Bxh5 Kxg7 24. Bf3 Rd6 25. Rhg1+ Kf6 26. Rbd1 Rad8 27. Rxd6+ Rxd6 28. h5 Rd8 29. e4 a5 30. Rg4 Ne6 31. Ke3 a4 32. Be2 Rb8 33. f4 b5 34. e5+ Ke7 35. cxb5 cxb5 36. h6 Nf8 37. Bd3 b4 38. h7 Ng6 39. Bxg6 fxg6 40. Rxg6 Kf7 41. Rg8 Rxg8 42. hxg8=Q+ Kxg8 43. Kd4 1-0

[Event "FISU WUMSCC Women 2024"]
[Site "Entebbe"]
[Date "2024.06.29"]
[Round "8.6"]
[White "Kanakova, Natalie"]
[Black "Mohammed Ameen, Jwan Jamal M.A."]
[Result "1-0"]
[ECO "B18"]
[WhiteElo "2167"]
[BlackElo "1885"]
[Annotator "RC"]
[PlyCount "47"]
[EventDate "2024.06.24"]
[EventType "swiss"]
[EventCountry "UGA"]
[SourceTitle "playchess.com"]
[Source "ChessBase"]
[SourceQuality "1"]
[TimeControl "5400+30"]

1. e4 c6 2. d4 d5 3. Nc3 dxe4 4. Nxe4 Bf5 5. Ng3 Bg6 6. h4 h5 7. Nf3 e6 8. Ne5 Nf6 9. Nxg6 fxg6 10. Bd3 Qd5 11. Bxg6+ Kd8 12. Bg5 Bd6 13. Ne4 Nbd7 14. O-O Kc7 15. Qd3 Nf8 16. c4 Qa5 17. Nxd6 Kxd6 18. b4 Qd8 19. d5 exd5 20. cxd5 Kc7 21. Bf4+ Kc8 22. Bf5+ N8d7 23. dxc6 bxc6 24. Qa6# 1-0

[Event "FISU WUMSCC Women 2024"]
[Site "Entebbe"]
[Date "2024.06.29"]
[Round "8.7"]
[White "Mahajan Mokshada D"]
[Black "Blanquet, Camille"]
[Result "0-1"]
[ECO "B13"]
[WhiteElo "1504"]
[BlackElo "2074"]
[Annotator "NA RC"]
[PlyCount "58"]
[EventDate "2024.06.24"]
[EventType "swiss"]
[EventCountry "UGA"]
[SourceTitle "playchess.com"]
[Source "ChessBase"]
[SourceQuality "1"]
[TimeControl "5400+30"]

1. e4 c6 2. d4 d5 3. exd5 cxd5 4. Bd3 Nc6 5. c3 Nf6 6. Bf4 Bg4 7. Qb3 Qd7 8. Nd2 e6 9. Ngf3 a6 10. O-O Be7 {[%emt 0:05:10] B13: Caro-Kann: Exchange Variation and Panov-Botvinnik Attack.} 11. Rae1 O-O 12. h3 Bh5 13. Qc2 Rac8 14. Qb1 Qd8 15. Ne5 Bg6 16. Nxg6 hxg6 {[%emt 0:00:06] [#]} 17. Bxg6 $2 fxg6 18. Qxg6 Qe8 ({Better is} 18... Bd6 19. Bg3 Qd7) 19. Qxe8 Nxe8 20. g3 Rf6 $17 21. Kg2 Nd6 22. Be5 Rg6 23. f4 Nxe5 24. dxe5 Nf5 25. g4 Bh4 26. Kf3 Bxe1 27. gxf5 Rg3+ 28. Ke2 Bxd2 29. Kxd2 exf5 0-1

[Event "FISU WUMSCC Women 2024"]
[Site "Entebbe"]
[Date "2024.06.29"]
[Round "8.8"]
[White "Djidjeli, Sarah"]
[Black "Bonno Thandi"]
[Result "1-0"]
[ECO "B07"]
[WhiteElo "2043"]
[BlackElo "1573"]
[Annotator "NA RC"]
[PlyCount "47"]
[EventDate "2024.06.24"]
[EventType "swiss"]
[EventCountry "UGA"]
[SourceTitle "playchess.com"]
[Source "ChessBase"]
[SourceQuality "1"]
[TimeControl "5400+30"]

1. e4 d6 2. d4 Nf6 3. Nc3 c6 4. f4 Qa5 5. Bd3 e5 6. Nf3 Nbd7 7. Qe2 Be7 8. Bd2 Qc7 9. a4 (9. g4 $14) 9... b6 10. O-O Bb7 11. Kh1 O-O 12. fxe5 dxe5 13. Nxe5 Nxe5 14. dxe5 $14 Qxe5 15. Rf5 Qd4 16. e5 Nd5 17. Nxd5 Qxd5 18. e6 Qd8 19. exf7+ Kh8 20. Rh5 h6 21. Qe4 Qxd3 22. Qxd3 Rad8 23. Rxh6+ gxh6 24. Bc3+ 1-0